[Event "FIDE World School-ch O-9 2025"]
[Site "Vrnjacka Banja"]
[Date "2025.03.25"]
[Round "6.1"]
[White "Agar, Garig"]
[Black "Sultankhan, Nurislam"]
[Result "1-0"]
[Annotator "NA RC"]
[ECO "A41"]
[WhiteElo "1620"]
[BlackElo "1649"]
[PlyCount "147"]
[EventDate "2025.03.19"]
[EventType "swiss"]
[EventCountry "SRB"]
[SourceTitle "playchess.com"]
[Source "ChessBase"]
[SourceQuality "1"]
[TimeControl "5400+30"]

1. d4 d6 2. e4 e5 3. Nf3 Nc6 4. d5 Nce7 5. c4 f5 6. Nc3 Nf6 7. Bd3 g6 8. O-O Bg7 9. b4 O-O 10. a4 f4 11. c5 h6 12. Nd2 g5 13. Nc4 a6 14. cxd6 cxd6 15. b5 Bg4 16. f3 Bh5 17. Ba3 Ne8 18. Rb1 Rc8 19. Na2 Rb8 20. Be2 Bg6 21. Qd2 Ra8 22. bxa6 bxa6 23. Qa5 Qd7 24. Qb6 Bf7 25. Nxd6 Qxa4 26. Qb4 Qd7 27. Qb7 Qd8 28. Nxf7 Rxf7 29. d6 Rc8 30. dxe7 Qd4+ 31. Kh1 Rc2 32. Qb8 Qd7 33. Rbd1 Qa4 34. Rd8 Rxe7 35. Bxe7 Rxe2 36. Rxe8+ Kf7 37. Nc3 Rf2 38. Rxf2 Qa1+ 39. Nb1 Qd4 40. Rf8+ Kxe7 41. Qd8+ Qxd8 42. Rxd8 Kxd8 43. Ra2 Ke7 44. Rxa6 Kf7 45. Nd2 Kg8 46. Nc4 Kf7 47. Ra7+ Kg6 48. Rxg7+ Kxg7 49. Nxe5 Kf6 50. Ng4+ Kg6 51. Kg1 h5 52. Ne5+ Kf6 53. Nd3 Ke6 54. h4 Kf6 55. hxg5+ Kxg5 56. Kf2 h4 57. Ke2 Kf6 58. Nxf4 Kg5 59. Nh3+ Kf6 60. Ke3 Ke5 61. f4+ Kf6 62. e5+ Ke6 63. Ke4 Ke7 64. f5 Kf7 65. e6+ Kf6 66. Kf4 Ke7 67. Ke5 Ke8 68. f6 Kf8 69. e7+ Kf7 70. Ng5+ Kg6 71. e8=Q+ Kxg5 72. Qg8+ Kh5 73. Kf5 Kh6 74. Qg6# 1-0

[Event "FIDE World School-ch O-9 2025"]
[Site "Vrnjacka Banja"]
[Date "2025.03.25"]
[Round "6.2"]
[White "Ulan, Rizat"]
[Black "Batbileg, Boldbaatar"]
[Result "1/2-1/2"]
[Annotator "NA RC"]
[ECO "C55"]
[WhiteElo "1769"]
[BlackElo "1637"]
[PlyCount "149"]
[EventDate "2025.03.19"]
[EventType "swiss"]
[EventCountry "SRB"]
[SourceTitle "playchess.com"]
[Source "ChessBase"]
[SourceQuality "1"]
[TimeControl "5400+30"]

1. e4 e5 2. Nf3 Nc6 3. Bc4 Nf6 4. d3 Be7 5. O-O O-O 6. Re1 d6 7. a4 Na5 8. Ba2 c5 9. c3 Nc6 10. Nbd2 h6 11. Nf1 a6 12. h3 Re8 13. Ng3 Bf8 14. Be3 Be6 15. Bxe6 Rxe6 16. d4 Re8 17. dxc5 dxc5 18. Qe2 Qc7 19. Red1 Rad8 20. Nd2 Na5 21. b3 Rd7 22. Rac1 Nc6 23. Nc4 Red8 24. Rxd7 Qxd7 25. a5 g6 26. f3 Qd3 27. Kf2 Qd7 28. Kf1 Qc7 29. b4 Nd7 30. Qb2 Rc8 31. Bd2 b6 32. axb6 Nxb6 33. Ne3 Qd7 34. Ne2 Qd3 35. Rd1 cxb4 36. cxb4 Nd4 37. Re1 Nc2 38. Nxc2 Rxc2 39. Qxe5 Qxd2 40. Qd4 Bxb4 41. Qxd2 Bxd2 42. Rb1 Nc4 43. Rb8+ Kg7 44. Nd4 Rc1+ 45. Ke2 Bf4 46. Rb7 Be5 47. Ne6+ Kf6 48. Nc5 Bd6 49. Nb3 Rb1 50. Kd3 Ne5+ 51. Kc2 Rg1 52. f4 Rxg2+ 53. Kd1 Nd3 54. e5+ Nxe5 55. fxe5+ Bxe5 56. Rb6+ Kg5 57. Rxa6 f5 58. Nd2 Kf4 59. Ra4+ Kg3 60. Ra3+ Kf2 61. Rf3+ Kg1 62. Rf1+ Kh2 63. Nf3+ Kxh3 64. Nxe5 Kh2 65. Nf3+ Kg3 66. Ne1 Ra2 67. Rg1+ Kf4 68. Rxg6 h5 69. Ng2+ Kf3 70. Nh4+ Kf4 71. Ng2+ Ke4 72. Rg5 Rb2 73. Ke1 Rb1+ 74. Kf2 Rh1 75. Rg8 1/2-1/2

[Event "FIDE World School-ch O-9 2025"]
[Site "Vrnjacka Banja"]
[Date "2025.03.25"]
[Round "6.3"]
[White "Wee, Yu Heng Lucas John"]
[Black "Lau, Great Boyou"]
[Result "1/2-1/2"]
[Annotator "NA RC"]
[ECO "E97"]
[WhiteElo "1680"]
[BlackElo "1593"]
[PlyCount "113"]
[EventDate "2025.03.19"]
[EventType "swiss"]
[EventCountry "SRB"]
[SourceTitle "playchess.com"]
[Source "ChessBase"]
[SourceQuality "1"]
[TimeControl "5400+30"]

1. d4 Nf6 2. c4 g6 3. Nc3 Bg7 4. e4 d6 5. Nf3 O-O 6. Be2 e5 7. O-O Nc6 8. d5 Ne7 9. Nd2 Ne8 10. b4 f5 11. c5 f4 12. Nc4 Rf7 13. a4 g5 14. Bh5 Ng6 15. Ba3 Nf6 16. h3 Nxh5 17. Qxh5 f3 18. g3 Rf6 19. cxd6 cxd6 20. Nb5 Qd7 21. Ncxd6 Nh4 22. Qe8+ Bf8 23. Qxd7 Bxd7 24. gxh4 Bxd6 25. hxg5 Rg6 26. Nxd6 Rxd6 27. b5 Rg6 28. Kh2 Rxg5 29. Rg1 Rxg1 30. Rxg1+ Kf7 31. Rg3 Rc8 32. Rxf3+ Kg6 33. Rb3 Rc4 34. Rg3+ Kf7 35. Rf3+ Kg6 36. Re3 Rxa4 37. Bd6 Kf6 38. Rf3+ Kg5 39. Rf7 Bxb5 40. Rxb7 a6 41. Bxe5 Rxe4 42. f4+ Kh6 43. d6 Re2+ 44. Kg3 Kg6 45. Rg7+ Kf5 46. Rf7+ Ke6 47. Re7+ Kf5 48. Rxh7 a5 49. Ra7 a4 50. h4 Re3+ 51. Kf2 Rh3 52. h5 Rxh5 53. d7 Rh2+ 54. Ke1 Bxd7 55. Rxd7 a3 56. Rf7+ Ke4 57. Ra7 1/2-1/2

[Event "FIDE World School-ch O-9 2025"]
[Site "Vrnjacka Banja"]
[Date "2025.03.25"]
[Round "6.4"]
[White "Shenal, Navindu"]
[Black "Nematillakhonov, Nurmuhammad"]
[Result "0-1"]
[Annotator "NA RC"]
[ECO "A08"]
[WhiteElo "1438"]
[BlackElo "1767"]
[PlyCount "90"]
[EventDate "2025.03.19"]
[EventType "swiss"]
[EventCountry "SRB"]
[SourceTitle "playchess.com"]
[Source "ChessBase"]
[SourceQuality "1"]
[TimeControl "5400+30"]

1. e4 c5 2. Nf3 Nc6 3. d3 Nf6 4. g3 d5 5. Nbd2 e5 6. Bg2 Be7 7. O-O O-O 8. Re1 dxe4 9. dxe4 Qc7 10. c3 h6 11. Qe2 Be6 12. a4 Na5 13. Nh4 Bg4 14. Ndf3 Nb3 15. Rb1 Nxc1 16. Rbxc1 Be6 17. Nf5 Bb3 18. Qb5 Ba2 19. Ra1 a6 20. Qd3 c4 21. Qe2 Bb3 22. Nd2 Bc5 23. Nxb3 cxb3 24. a5 Rad8 25. Bh3 Kh7 26. Kg2 g6 27. Nh4 Rd6 28. Rad1 Rfd8 29. Rxd6 Qxd6 30. Nf3 Kg7 31. Qc4 h5 32. Qxb3 Ng4 33. Qd5 Qe7 34. Qc4 Bxf2 35. Bxg4 Bxe1 36. Bh3 Bd2 37. Qe2 Bh6 38. Qc2 g5 39. Ne1 g4 40. Nd3 gxh3+ 41. Kxh3 Qd7+ 42. Kg2 Qxd3 43. Qf2 Qxe4+ 44. Kh3 Rd2 45. Qf1 Qg4# 0-1

[Event "FIDE World School-ch O-9 2025"]
[Site "Vrnjacka Banja"]
[Date "2025.03.25"]
[Round "6.5"]
[White "Pinskiy, German Ant"]
[Black "Zhanabayev, Arystan"]
[Result "0-1"]
[Annotator "NA RC"]
[ECO "B72"]
[WhiteElo "1600"]
[BlackElo "1507"]
[PlyCount "148"]
[EventDate "2025.03.19"]
[EventType "swiss"]
[EventCountry "SRB"]
[SourceTitle "playchess.com"]
[Source "ChessBase"]
[SourceQuality "1"]
[TimeControl "5400+30"]

1. e4 c5 2. Nf3 Nc6 3. d4 cxd4 4. Nxd4 g6 5. Nc3 Bg7 6. Be3 Nf6 7. Bc4 O-O 8. Bb3 a5 9. O-O d6 10. h3 Bd7 11. a4 Rc8 12. Ndb5 Nb4 13. f4 Na6 14. e5 dxe5 15. fxe5 Nh5 16. Rxf7 Rxf7 17. e6 Bxe6 18. Bxe6 Qxd1+ 19. Rxd1 Rc6 20. Bxf7+ Kxf7 21. Rd7 Nb4 22. Rxb7 Nxc2 23. Bb6 Bh6 24. g4 Rxb6 25. Rxb6 Be3+ 26. Kf1 Bxb6 27. gxh5 Ne3+ 28. Ke2 gxh5 29. Kd3 Kg6 30. Ne4 Nd5 31. Kc4 Nf4 32. b4 Nxh3 33. Nbc3 Nf4 34. Kb5 axb4 35. Kxb4 h4 36. Kb5 Ba7 37. Ka6 Bd4 38. Kb5 h3 39. Nd1 Kf5 40. Ndf2 h2 41. Ng3+ Ke6 42. Ngh1 Kd7 43. Kc4 Ba7 44. Ne4 h6 45. Nc5+ Kc6 46. Nb3 e5 47. Nd2 h5 48. Ne4 h4 49. Ng5 Ne2 50. Ne4 Bd4 51. a5 Ba7 52. a6 Nf4 53. Ng5 Nd5 54. Nf3 e4 55. Nxh4 Nf4 56. Nf5 Nh3 57. Nd4+ Kd7 58. Ne2 Kd6 59. Kc3 Ke5 60. Kd2 e3+ 61. Ke1 Ke4 62. Kf1 Kf3 63. Neg3 Nf4 64. Ke1 e2 65. Nxe2 Nxe2 66. Kf1 Ng3+ 67. Nxg3 Kxg3 68. Ke2 h1=Q 69. Kd3 Qd5+ 70. Kc3 Qd4+ 71. Kc2 Qe3 72. Kb1 Qd2 73. Ka1 Bd4+ 74. Kb1 Qb2# 0-1

[Event "FIDE World School-ch O-9 2025"]
[Site "Vrnjacka Banja"]
[Date "2025.03.25"]
[Round "6.6"]
[White "Bondarev, Fedor"]
[Black "Redkin, Dmitriy S"]
[Result "1/2-1/2"]
[Annotator "NA RC"]
[ECO "B30"]
[WhiteElo "1598"]
[BlackElo "2042"]
[PlyCount "70"]
[EventDate "2025.03.19"]
[EventType "swiss"]
[EventCountry "SRB"]
[SourceTitle "playchess.com"]
[Source "ChessBase"]
[SourceQuality "1"]
[TimeControl "5400+30"]

1. Nf3 Nf6 2. c4 c5 3. Nc3 Nc6 4. e4 e5 5. g3 g6 6. Bg2 Bg7 7. d3 d6 8. Nd5 Nxd5 9. cxd5 Nd4 10. Nxd4 exd4 11. O-O O-O 12. f4 f5 13. Re1 Re8 14. a4 b6 15. Qf3 Bb7 16. Bd2 Qd7 17. Bh3 Qf7 18. a5 Bc8 19. Bg2 Ba6 20. h3 b5 21. g4 fxe4 22. dxe4 c4 23. Bb4 d3 24. Bc3 Rab8 25. e5 b4 26. Bd4 Qc7 27. Qf2 c3 28. bxc3 bxc3 29. Rec1 c2 30. Bxa7 Rb7 31. Bb6 Qf7 32. Be4 dxe5 33. f5 Bh6 34. Be3 Bxe3 35. Qxe3 Reb8 1/2-1/2